[Event "53rd Mongolian Women-ch 2023"]
[Site "Khovd"]
[Date "2023.05.22"]
[Round "3.1"]
[White "Bayasgalan, Khishigbaatar"]
[Black "Enkhbolor Nyamdavaa"]
[Result "1-0"]
[ECO "D87"]
[WhiteElo "1811"]
[BlackElo "1699"]
[Annotator "NA COMBH"]
[PlyCount "51"]
[EventDate "2023.05.22"]
[EventType "tourn"]
[EventCountry "MGL"]
[SourceTitle "playchess.com"]
[Source "ChessBase"]
[SourceQuality "1"]
[TimeControl "40/5400+30:1800+30"]

1. d4 Nf6 2. c4 g6 3. Nc3 d5 4. cxd5 Nxd5 5. e4 Nxc3 6. bxc3 Bg7 7. Bc4 c5 8. Ne2 Nc6 9. Be3 O-O 10. Rc1 Na5 11. Bd3 e5 12. dxe5 Qc7 13. Nf4 Bxe5 14. Nd5 Qd6 15. f4 Bg7 16. c4 b6 17. e5 Qd7 18. Be4 Rb8 19. O-O Rd8 20. Qe1 Ba6 21. Rd1 Qa4 22. Qh4 Rxd5 23. Bxd5 Nxc4 24. f5 Nb2 25. Bxf7+ Kh8 26. Rd8+ 1-0

[Event "53rd Mongolian Women-ch 2023"]
[Site "Khovd"]
[Date "2023.05.22"]
[Round "3.2"]
[White "Amin-Erdene, Bayanmunkh"]
[Black "Margadgua Erdenebayar"]
[Result "1/2-1/2"]
[ECO "D11"]
[WhiteElo "1620"]
[BlackElo "1934"]
[Annotator "TA"]
[PlyCount "147"]
[EventDate "2023.05.22"]
[EventType "tourn"]
[EventCountry "MGL"]
[SourceTitle "playchess.com"]
[Source "ChessBase"]
[SourceQuality "1"]
[TimeControl "40/5400+30:1800+30"]

1. d4 d5 2. c4 c6 3. Nf3 Nf6 4. g3 Bg4 5. Ne5 Bf5 6. Nc3 {[%emt 0:06:27] D11: Slav Defence: 3 Nf3 sidelines and 3...Nf6 4 e3 Bg4.} e6 7. Qb3 Qb6 8. c5 Qxb3 9. axb3 Nbd7 10. Nf3 {[%emt 0:15:53] [#]} Be4 $146 ({Predecessor:} 10... a6 11. h3 h6 12. b4 Rc8 13. g4 Bh7 14. Bf4 g5 15. Bh2 Bg7 16. Nd2 Ne4 17. Ndxe4 dxe4 {½-½ Kanyamarala,T (2379)-Wageih,K (2387) Olympiad-44 Chennai 2022 (7.4)}) 11. Nxe4 Nxe4 12. b4 a6 13. Bh3 Be7 14. O-O h5 15. Rd1 g5 16. Bf1 f5 17. Ne1 Rg8 18. f3 Nef6 19. Nd3 Kf7 20. Bd2 Rg7 (20... Bd8 $15) 21. Bc3 {[%emt 0:02:02] [#]} (21. b5 $11) 21... Rag8 (21... g4 $1 $17) 22. Kf2 $11 h4 23. Bg2 (23. Ne5+ $11 Ke8 24. b5 axb5 25. Ra8+ Bd8 26. Rda1) 23... g4 $17 24. f4 Rh7 25. Rg1 Nh5 26. Bf1 Ndf6 27. Ne5+ Ke8 28. Ke3 (28. gxh4 $2 {too greedy.} Ne4+ 29. Ke3 Bxh4 $19) (28. Bg2 $15) 28... Ne4 29. Be1 Bf6 (29... hxg3 $17 30. hxg3 Bf6) 30. Kd3 (30. gxh4 $15 Bxe5 31. fxe5) 30... Bxe5 31. dxe5 hxg3 32. hxg3 Kf7 33. Kc2 Rb8 34. Ra3 Ng7 35. Bg2 Ne8 36. Rh1 $2 (36. Rd3 $17 {was called for.}) 36... Rxh1 $19 37. Bxh1 Nc7 38. Bxe4 dxe4 {[%emt 0:00:18][%mdl 4096] Endgame KRB-KRN} 39. Ra1 Rh8 40. Kd1 Rh1 41. Kc2 (41. Rc1 $142) 41... Rh2 42. Kd1 Rh1 (42... Nd5 $142 {Hoping for ...Ne3+.} 43. Ra3 Ke7) 43. Kc2 Ke7 (43... Nd5 $142 44. Rc1 Ne3+ 45. Kb3 Rh2) 44. Rd1 (44. Kd2 $142) 44... Nd5 45. Kd2 {[%emt 0:02:38] Inhibits Ne3.} Nxb4 46. Bf2 Rh2 47. Rf1 Nd5 {[%emt 0:00:12][%cal Oh2f2] [#] Threatens to win with ...Rxf2!} 48. Be1 Kd7 49. Rg1 Nc7 50. Kd1 Nb5 51. Bd2 Nc7 $2 (51... Nd4 $19 52. Re1 Nb3) 52. Re1 (52. Be1 $1 $11 {and White has nothing to worry.}) 52... Nd5 53. Rg1 Kc8 54. Ke1 Kb8 55. Ba5 Ka7 56. Bd8 $2 (56. Kd2) 56... b6 57. cxb6+ Nxb6 58. Bxb6+ Kxb6 {[%emt 0:00:01] KR-KR} 59. Kd2 Kb5 60. Ke3 a5 (60... Rh3 $19 {and Black stays clearly on top. Strongly threatening ...a5.} 61. Kf2 Rh2+ 62. Ke3 Rh3) 61. Rd1 $17 Rh8 {[%emt 0:01:26] ...Rb8 is the strong threat.} 62. Rd6 Re8 ({Better is} 62... Rh6 $17 63. b3 Kb4 64. Rxc6 Kxb3 65. Rb6+ Kc4) 63. Kd4 $11 c5+ 64. Kc3 Re7 65. Kb3 Re8 66. Kc3 a4 67. e3 $2 (67. Rd7 $11) 67... Re7 $19 68. Rd8 Rb7 $2 {[%emt 0:00:03] Against Rb8} ({Black should play} 68... Rh7 $19 {...Rh2 would be deadly.} 69. Rb8+ Kc6) 69. Re8 $1 $11 {[%emt 0:00:30] The position is equal.} Rb6 70. Re7 Rc6 71. Re8 Rb6 72. Re7 Ra6 {[%emt 0:00:04] And now ...a3 would win.} 73. Rb7+ $1 Rb6 74. Re7 {[%emt 0:00:01] Weighted Error Value: White=0.45/Black=0.37} 1/2-1/2

[Event "53rd Mongolian Women-ch 2023"]
[Site "Khovd"]
[Date "2023.05.22"]
[Round "3.4"]
[White "Bayarmaa, Bayarjargal"]
[Black "Enkhsaran, Batsaikhan"]
[Result "0-1"]
[ECO "D23"]
[WhiteElo "2167"]
[BlackElo "1756"]
[Annotator "TA"]
[PlyCount "104"]
[EventDate "2023.05.22"]
[EventType "tourn"]
[EventCountry "MGL"]
[SourceTitle "playchess.com"]
[Source "ChessBase"]
[SourceQuality "1"]
[TimeControl "40/5400+30:1800+30"]

1. d4 d5 2. c4 c6 3. Nf3 Nf6 4. Qc2 dxc4 5. Qxc4 Bf5 6. g3 Nbd7 7. Nc3 e6 8. Bg2 h6 9. O-O Be7 10. e3 O-O 11. Rd1 {[%emt 0:00:40] D23: Queen's Gambit Accepted: 3 Nf3 Nf6 sidelines.} Rc8 12. Qe2 (12. Ne5 {with more complications.} b5 13. Qe2 b4 14. e4) 12... Bh7 ({Better is} 12... Ne4 $11) 13. e4 $14 {[%emt 0:04:30] [#] White is slightly better.} c5 $146 ({Black should play} 13... Bg6 $14) ({Predecessor:} 13... a6 14. a3 b5 15. Bd2 Qb6 16. b4 Rfd8 17. h3 Qb7 18. Bf4 Nb6 19. Ne5 Nfd7 {1-0 Donchenko,A (2636)-Bok,B (2624) Chess.com Rapid Wk6 Swiss 2022 (6)}) 14. d5 exd5 {[%emt 0:04:51] Hoping for ...d4.} 15. e5 (15. Nxd5 Nxd5 16. Rxd5 Qe8 $14) (15. exd5 Bd6 $11) 15... Ne4 (15... Re8 $14) 16. Nxd5 $18 c4 17. Be3 {[%emt 0:06:04] Strongly threatening Bh3.} Bc5 18. Bxc5 ({Worse is} 18. Qxc4 Nxf2 19. Bxc5 Nxd1 20. Ne7+ Kh8 21. Nxc8 Nxb2 $15) (18. Bh3 $16 {Nf4 is the strong threat.} Re8 19. a4 (19. Qxc4 $2 {too greedy.} Bxe3 20. Qb3 Bxf2+ 21. Kg2 Ndc5 $19)) 18... Nexc5 $14 19. Qxc4 {[%emt 0:00:46] b4 would be deadly.} Nb6 20. Nxb6 Qxb6 21. Qe2 Rfd8 {[%emt 0:04:16] Against Rd6} 22. Ne1 Ne6 23. b3 (23. Bh3 $1 $16) 23... Nd4 $11 24. Qb2 {[%emt 0:03:33] [#]} (24. Qf1 $11) 24... Nc2 $1 $36 {[%emt 0:02:19][%mdl 2048] Black is really pushing. Black is more active.} 25. Rxd8+ Qxd8 26. Rc1 (26. Nxc2 $17 Rxc2 27. Qb1) 26... Nxe1 $19 {[%emt 0:00:26][%mdl 64] Deflection} 27. Rxe1 Rc2 {[%emt 0:00:38] ( -> ...Qd2)} 28. Qa3 {[%emt 0:00:27] [#]} Qd4 (28... Qd2 29. Rf1 $16) 29. Rf1 Bd3 (29... Qxe5 30. Qxa7 Bd3 31. Rd1 $11) 30. Qd6 Qxd6 31. exd6 {[%emt 0:00:05] Black must now prevent d7.} Bxf1 (31... Rxa2 $2 32. d7 Kh7 33. d8=Q $18 (33. d8=B Bxf1 34. Bxf1 g5 $16)) 32. Kxf1 Rxa2 33. Bxb7 {[%emt 0:04:01][%mdl 4096] Endgame KR-KB} Rd2 34. Ba6 Rxd6 35. Bc4 (35. Be2 $142) 35... Rd2 36. Kg2 Kf8 37. Kf3 Ke7 38. h4 f6 39. Ke3 Rb2 40. h5 (40. f3 $142 Rg2 41. g4) 40... Kd6 {[%emt 0:00:00] And now ...Kc5 would win.} 41. f3 Kc5 {[%emt 0:05:03] Black mates.} 42. Ke4 a5 43. Bf7 Kb4 44. Kf5 Rxb3 45. Bxb3 Kxb3 {[%emt 0:00:06] KP-KP} 46. Kg6 a4 47. Kxg7 a3 48. Kxh6 a2 49. Kh7 a1=Q (49... a1=B 50. Kg6 f5 51. Kxf5 $18) 50. h6 f5 51. g4 fxg4 52. fxg4 Qf6 {[%emt 0:00:19] Quite a comeback for Black.   Weighted Error Value: White=0.45/Black=0.08 (flawless)} 0-1

[Event "53rd Mongolian Women-ch 2023"]
[Site "Khovd"]
[Date "2023.05.22"]
[Round "3.5"]
[White "Altantuya, Boldbaatar"]
[Black "Mungunzul, Bat-Erdene"]
[Result "1/2-1/2"]
[ECO "D15"]
[WhiteElo "2191"]
[BlackElo "2299"]
[Annotator "TA"]
[PlyCount "108"]
[EventDate "2023.05.22"]
[EventType "tourn"]
[EventCountry "MGL"]
[SourceTitle "playchess.com"]
[Source "ChessBase"]
[SourceQuality "1"]
[TimeControl "40/5400+30:1800+30"]

1. d4 d5 2. c4 c6 3. Nc3 Nf6 4. e3 a6 5. Nf3 Bf5 6. Qb3 Ra7 {[%emt 0:00:45] D15: Slav Defence: 4 Nc3 a6 and gambit lines after 4 Nc3 dxc4.} 7. Nh4 Be4 8. f3 Bg6 {[%emt 0:00:15] White is slightly better.} 9. Nxg6 hxg6 10. Bd2 e6 11. O-O-O dxc4 12. Bxc4 b5 13. Be2 c5 14. dxc5 Bxc5 15. Kb1 {[%emt 0:08:00][%cal Oc3b5] Nxb5! would be deadly.} Qb6 (15... Rd7 $5 16. Qc2 O-O $11) 16. g4 {[%emt 0:03:05][%cal Bg2g4,Bg4g5][%mdl 32] [#]} Rd7 $146 ({Predecessor:} 16... O-O 17. g5 Nd5 18. Nxd5 exd5 19. h4 Re8 20. h5 gxh5 21. Rxh5 Qg6+ 22. Qc2 Qxh5 23. Qxc5 {0-1 Lashkin,J (2399)-Le,T (2514) Titled Tuesday intern op 14th Jun Early blitz 2022 (8)}) 17. g5 Nd5 18. Nxd5 Rxd5 19. f4 b4 20. h4 Ke7 (20... Nc6 $14) 21. Bf3 ({Better is} 21. e4 $16 Rd4 22. f5) 21... Rd6 $14 22. h5 gxh5 23. g6 {[%emt 0:00:39] [#] And now gxf7 would win.} f6 24. Bxh5 (24. e4 $1 $14 Qb5 25. e5 (25. Bxh5 Qd3+ 26. Qxd3 Rxd3 $11) (25. Rxh5 Rxh5 26. Bxh5 Qd3+ 27. Qc2 Qxc2+ 28. Kxc2 Nc6 $11)) 24... a5 (24... Nc6 $5 ) 25. e4 {[%emt 0:02:23] Threatens to win with e5.} Rhd8 (25... Qc6 $11 26. Qc2 Be3 27. Qxc6 (27. Bxe3 Rxd1+ 28. Rxd1 Qxc2+ 29. Kxc2 Rxh5 $11) 27... Nxc6 28. Bxe3 Rxd1+ 29. Rxd1 Rxh5) 26. Bc1 $16 {[%emt 0:01:40] e5 is the strong threat.} Qc6 {[%emt 0:00:45] [#]} 27. Qc2 Bb6 28. e5 (28. Qg2 $16) 28... Rxd1 29. Qxc6 Nxc6 30. Bxd1 Bd4 31. Bf3 Nb8 (31... Rc8 $11) 32. Rh7 $14 Rg8 33. exf6+ Kxf6 34. Rh5 a4 (34... Nd7 $14 {might be stronger.}) 35. Ra5 $16 a3 36. bxa3 bxa3 37. Bxa3 Kxg6 38. Be7 {[%emt 0:03:13] White is more active. This pair of bishops is nice.} ({White should play} 38. Ra8 $16 {aiming for Bd6.} Rd8 39. Be7) 38... Kf7 39. Bg5 Nd7 40. Ra4 Rb8+ 41. Kc2 Rc8+ 42. Kd2 Bb6 43. Ra6 Rb8 44. Ra8 Rxa8 45. Bxa8 $11 {[%emt 0:00:08][%mdl 4096] Endgame KBB-KBN} Kg6 46. Be4+ Kh5 47. Bf3+ Kg6 48. Be4+ Kf7 49. Ke2 Nc5 50. Bc6 Kg6 {[%emt 0:00:41] The position is equal.} 51. Kf3 Kf5 52. Be7 e5 53. Bxc5 Bxc5 54. fxe5 Kxe5 {[%emt 0:28:28] Weighted Error Value: White=0.11 (very precise) /Black=0.14 (very precise)} 1/2-1/2

[Event "53rd Mongolian Women-ch 2023"]
[Site "Khovd"]
[Date "2023.05.22"]
[Round "3.6"]
[White "Enkhrii Enkh-Amgalan"]
[Black "Khuslen, Erdenebayar"]
[Result "1-0"]
[ECO "B46"]
[WhiteElo "1448"]
[BlackElo "1835"]
[Annotator "NA COMBH"]
[PlyCount "75"]
[EventDate "2023.05.22"]
[EventType "tourn"]
[EventCountry "MGL"]
[SourceTitle "playchess.com"]
[Source "ChessBase"]
[SourceQuality "1"]
[TimeControl "40/5400+30:1800+30"]

1. e4 c5 2. Nf3 e6 3. d4 cxd4 4. Nxd4 Nc6 5. Nc3 a6 6. Nxc6 bxc6 7. Bd3 d5 8. O-O Nf6 9. e5 Nd7 10. Re1 Be7 11. Qg4 Kf8 12. Bd2 h5 13. Qf3 Kg8 14. Na4 Qc7 15. Qe2 c5 16. c4 d4 17. f4 g6 18. b3 Bb7 19. Rf1 a5 20. Nb2 Kg7 21. Rae1 Nb6 22. a4 Bh4 23. Rb1 Nd7 24. Nd1 Ra6 25. Nf2 Bxf2+ 26. Rxf2 Rb8 27. Re1 Ba8 28. Bc2 Rh8 29. Qd3 h4 30. Qh3 Nb8 31. Qg4 h3 32. f5 exf5 33. Bxf5 hxg2 34. Bf4 Kf8 35. e6 gxf5 36. Qxf5 Qe7 37. Bg5 Qc7 38. e7+ 1-0